 Dungeon Sprint DCSS version 0.31-a0-536-ga3e2962e35 (webtiles) character file.

Game seed: 13800783869513041061

370 Conn the Arsonist (level 6, -3/41 HPs)
             Began as an Octopode Fire Elementalist on Aug 13, 2023.
             Was an Elder of Sif Muna.
             Slain by a yak (16 damage)
             ... in the Dungeon (Sprint VII: "The Pits").
             The game lasted 00:06:29 (726 turns).

Conn the Arsonist (Octopode Fire Elementalist)       Turns: 726, Time: 00:06:29

Health: -3/41      AC:  1    Str:  7    XL:     6   Next: 70%
Magic:  5/16       EV: 14    Int: 19    God:    Sif Muna [****..]
Gold:   0          SH:  0    Dex: 13    Spells: 10/20 levels left

rFire   . . .        k - +1 flail (protect)
rCold   . . .        (no shield)
rNeg    . . .        (helmet restricted)
rPois   .            (no amulet)
rElec   .            (no ring)
rCorr   .            (no ring)
SInv    .            (no ring)
Will    .....        (no ring)
Stlth   ++++         (no ring)
HPRegen 0.26/turn    (no ring)
MPRegen 0.15/turn    (no ring)
                     (no ring)

%: no teleportation
@: invisible
A: almost no armour, amphibious, 8 rings, camouflage 1, gelatinous body 1,
(nimble swimmer 1), tentacles
a: Renounce Religion, Channel Magic, Forget Spell, Divine Exegesis


You were in the Dungeon.
You worshipped Sif Muna.
Sif Muna was greatly pleased with you.
You visited 1 branch

Inventory:

Hand Weapons
 g - a +2 dagger of venom
 k - a +1 flail of protection (weapon)
Wands
 j - a wand of mindburst (15)
Scrolls
 f - a scroll of blinking
 i - 5 scrolls of amnesia
Potions
 a - 3 potions of magic
 b - 6 potions of curing
 c - 4 potions of heal wounds
 d - a potion of haste
 e - 2 potions of berserk rage
 h - a potion of invisibility


   Skills:
 + Level 2.5 Fighting
 + Level 1.1 Maces & Flails
 + Level 3.8 Dodging
 + Level 6.0 Stealth
 * Level 7.6 Spellcasting
 * Level 4.5 Conjurations
 + Level 1.2 Hexes
 + Level 8.7 Fire Magic


You had 10 spell levels left.
You knew the following spells:

 Your Spells              Type           Power      Damage    Failure   Level
a - Foxfire               Conj/Fire      100%       2x1d9     1%          1
b - Scorch                Fire           80%        2d8       1%          2
c - Inner Flame           Hex/Fire       26%        N/A       3%          3
d - Flame Wave            Conj/Fire      32%        2d9       6%          4

Your spell library contained the following spells:

 Spells                   Type           Power      Damage    Failure   Level
 Volatile Blastmotes      Fire/Tloc      46%        2d13      4%          3


Dungeon Overview and Level Annotations

Branches:
Dungeon (1/1)

Altars:
Ashenzari
Cheibriados
Dithmenos
Elyvilon
Fedhas
Gozag
Hepliaklqana
Kikubaaqudgha
Makhleb
Nemelex Xobeh
Okawaru
Qazlal
Ru
Sif Muna
Trog
Uskayaw
Vehumet
Wu Jian
Xom
Yredelemnul
Zin
The Shining One
Jiyva
Lugonu


Innate Abilities, Weirdness & Mutations

You cannot wear most types of armour.
You are amphibious.
You can wear up to eight rings at the same time.
Your skin changes colour to match your surroundings (Stealth+).
Your rubbery body absorbs attacks. (AC +1, EV +1)
((You are camouflaged when in or above water. (Stealth+)))
You have tentacles for arms and can constrict up to eight enemies at once.


Message History

The flame wave engulfs the yak!
The yak is moderately wounded.
The yak gores you! The yak misses you.
Unknown command.
A wave of flame ripples out!
The flame wave engulfs the yak.
The yak is moderately wounded.
The flame wave engulfs the yak!
The yak is severely wounded.
The flame wave engulfs the black bear!
You kill the black bear!
Sif Muna accepts your kill.
The flame wave engulfs the yak but does no damage.
The yak is moderately wounded.
The flame wave engulfs the yak!
The yak is moderately wounded.
The flame wave engulfs the yak!
The yak is moderately wounded.
The flame wave engulfs the rime drake!
The rime drake is moderately wounded.
You finish channelling waves of flame.
You hear a shout!
The yak gores you! The yak barely misses you.
You hear a shout! x2
Your Maces & Flails skill increases to level 1!
Your Stealth skill increases to level 6!
Your Spellcasting skill increases to level 7!
Your Conjurations skill increases to level 4!
Your Hexes skill increases to level 1!
Unknown command.
Casting: Flame Wave (quite dangerous; 6% risk of failure)
Confirm with . or Enter, or press ? or * to list all spells.
Casting: Flame Wave (quite dangerous; 6% risk of failure)
Press: ? - help, Dir - look around, f - activate A wave of flame ripples out!
The flame wave engulfs the yak!
The yak is severely wounded.
The flame wave engulfs the yak!
The yak is almost dead. (Press . to intensify the flame waves.)
The yak gores you!
You die...

#.#..########...<...#
#.#..'[.)).##.......#
#.#..#[))).##.......#
#'###########.......#
#)).....# #########
#..###..# ###
#.......# ...#
##.###.##+#Y...#
#.......#@YYk..+
#..###..#Y#Y...#
#.......'.# ...#
########### ###


You could see 5 yaks and a rime drake (unable to see you).

Vanquished Creatures
  An ice beast (D)
  A black bear (D)
  A sky beast (D)
  A crimson imp (D)
  Ijyb (D)
  A small abomination (D)
  A river rat (D)
  An ufetubus (D)
  2 orcs (D)
  A bat skeleton (D)
  A giant cockroach (D)
  2 quokkas (D)
  A ball python skeleton (D)
  A ball python zombie (D)
  A rat (D)
17 creatures vanquished.

Vanquished Creatures (collateral kills)
  A goblin (D)
1 creature vanquished.

Vanquished Creatures (others)
  24 foxfires (D)
24 creatures vanquished.

Grand Total: 42 creatures vanquished

Notes
Turn   | Place    | Note
-------+----------+-------------------------------------------
     0 | D        | Conn the Octopode Fire Elementalist began the quest for the
                  | Orb.
     0 | D        | Reached XP level 1. HP: 11/11 MP: 3/3
    65 | D        | Found a bloodstained altar of Trog.
    65 | D        | Found a shimmering blue altar of Sif Muna.
    65 | D        | Found a viscous altar of Jiyva.
    65 | D        | Found a hazy altar of Hepliaklqana.
    65 | D        | Found an opulent altar of Gozag.
    66 | D        | Found a glowing golden altar of the Shining One.
    66 | D        | Found a glowing silver altar of Zin.
    66 | D        | Found a basalt altar of Yredelemnul.
    66 | D        | Found a shimmering altar of Xom.
    66 | D        | Found an ornate altar of the Wu Jian Council.
    66 | D        | Found a sacrificial altar of Ru.
    66 | D        | Found a stormy altar of Qazlal.
    66 | D        | Found an iron altar of Okawaru.
    66 | D        | Found a sparkling altar of Nemelex Xobeh.
    66 | D        | Found a burning altar of Makhleb.
    66 | D        | Found a blossoming altar of Fedhas.
    66 | D        | Found a white marble altar of Elyvilon.
    66 | D        | Found a shadowy altar of Dithmenos.
    66 | D        | Found a snail-covered altar of Cheibriados.
    67 | D        | Found a radiant altar of Vehumet.
    67 | D        | Found a corrupted altar of Lugonu.
    68 | D        | Found an ancient bone altar of Kikubaaqudgha.
    68 | D        | Found a hide-covered altar of Uskayaw.
    68 | D        | Found a broken altar of Ashenzari.
    69 | D        | Became a worshipper of Sif Muna the Loreminder
   126 | D        | Reached * piety under Sif Muna
   154 | D        | Reached XP level 2. HP: 17/17 MP: 1/5
   162 | D        | Learned a level 2 spell: Scorch
   200 | D        | Reached ** piety under Sif Muna
   201 | D        | Reached skill level 4 in Fire Magic
   300 | D        | Noticed a sky beast
   335 | D        | Killed a sky beast
   336 | D        | Reached skill level 1 in Fighting
   336 | D        | Reached skill level 7 in Fire Magic
   336 | D        | Reached XP level 3. HP: 13/23 MP: 2/9
   336 | D        | Reached XP level 4. HP: 16/28 MP: 2/10
   410 | D        | Learned a level 3 spell: Inner Flame
   415 | D        | Learned a level 4 spell: Flame Wave
   430 | D        | Noticed an ice beast
   435 | D        | Noticed Ijyb
   445 | D        | Killed an ice beast
   445 | D        | Reached *** piety under Sif Muna
   445 | D        | Killed Ijyb
   446 | D        | Reached skill level 5 in Stealth
   446 | D        | Reached skill level 8 in Fire Magic
   446 | D        | Reached XP level 5. HP: 20/34 MP: 2/13
   446 | D        | Reached XP level 6. HP: 23/39 MP: 2/15
   462 | D        | Reached **** piety under Sif Muna
   721 | D        | Noticed a black bear
   721 | D        | Noticed a rime drake
   721 | D        | Noticed a yak
   721 | D        | Noticed a yak
   721 | D        | Noticed a yak
   721 | D        | Noticed a yak
   721 | D        | Noticed a yak
   721 | D        | Noticed a yak
   725 | D        | Killed a black bear
   726 | D        | Reached skill level 1 in Maces & Flails
   726 | D        | Reached skill level 1 in Hexes
   726 | D        | Slain by a yak

Illustrated notes

Levels and vault maps discovered:
D:        pitsprint [storerooms_1, entrance_room_1, metal_vault_1, armoury_2,
          mini_pit_1, grid_room_1, main_hall_1, silver_pit, the_coven_1,
          the_vestibule_1, steel_vault_3, golden_pit, hallway_of_sentries,
          crystal_vault_2, iron_vault_3, final_vault]

Skill      XL: |  1  2  3  4  5  6 |
---------------+-------------------+-----
Stealth        | 3 4 5 6 |  6.0
Spellcasting   | 4 6 7 |  7.6
Fire Magic     | 7 8 |  8.7
Fighting       | 1 2 |  2.5
Dodging        | 3 |  3.8
Conjurations   | 2 3 4 |  4.5
Maces & Flails | 1 |  1.1
Hexes          | 1 |  1.2

Action                     |  1- 3 |  4- 6 || total
---------------------------+-------+-------++-------
  Melee: Dagger            |    11 |       ||    11
         Constrict         |     2 |     1 ||     3
         Flail             |     2 |    14 ||    16
         Tentacles         |     2 |     3 ||     5
   Cast: Foxfire           |    13 |       ||    13
         Scorch            |     3 |     5 ||     8
         Inner Flame       |       |     3 ||     3
         Flame Wave        |       |     2 ||     2
    Use: Potion            |     3 |     3 ||     6
         Scroll            |       |     1 ||     1
   Stab: Sleeping          |     1 |     2 ||     3
 Armour: Skin              |     4 |     7 ||    11
  Dodge: Dodged            |     8 |    13 ||    21

Table legend: (Time is in decaauts)
 A = Elapsed time spent in this place.
 B = Non-inter-level travel time spent in this place.
 C = Inter-level travel time spent in this place.
 D = Time resting spent in this place.
 E = Time spent auto-exploring this place.
 F = Levels seen in this place.
 G = Mean time per level.
                   A        B        C        D        E       F      G
               +--------+--------+--------+--------+--------+-----+--------+
         Total |    741 |    741 |      0 |    410 |      0 |   1 |  741.0 |
       Dungeon |    741 |    741 |      0 |    410 |      0 |   1 |  741.0 |
               +--------+--------+--------+--------+--------+-----+--------+

Top non-repeatable levels by time:
       D: 741 daAuts
